 Dungeon Crawl Stone Soup version 0.30-a0-6-g7c9e10e132 (webtiles) character file.

Game seed: 2147329395426095936

11025 ytrimaz the Transmogrifier (level 11, -7/74 HPs)
             Began as a Demonspawn Transmuter on Aug 22, 2022.
             Was a Believer of Makhleb.
             Mangled by a skeletal warrior
             ... wielding a +0 battleaxe
              (11 damage)
             ... on level 12 of the Dungeon.
             The game lasted 00:18:28 (14297 turns).

ytrimaz the Transmogrifier (Demonspawn Transmuter) Turns: 14297, Time: 00:18:29

Health: -7/74      AC: 21    Str: 11    XL:     11   Next: 43%
Magic:  14/14      EV: 11    Int: 18    God:    Makhleb [**....]
Gold:   745        SH:  9    Dex: 14    Spells: 11/14 levels left

rFire   . . .      SeeInvis .      - Unarmed
rCold   . . .      Faith    .    (no shield)
rNeg    . . .      Spirit   .    E - +0 troll leather armour
rPois   .          Reflect  +    (helmet restricted)
rElec   .          Harm     .    o - +0 cloak
rCorr   .          Rampage  .    (no gloves)
Will    .....                    d - +1 pair of boots
Stlth   +.........               g - amulet of reflection
HPRegen 1.02/turn                u - +4 ring of protection
MPRegen 0.14/turn                y - +4 ring of protection

@: studying Hexes
A: horns 2, slimy green scales 1, icemail 1, spiny 2, condensation shield
a: Renounce Religion, Minor Destruction


You were on level 12 of the Dungeon.
You worshipped Makhleb.
Makhleb was pleased with you.
You visited 2 branches of the dungeon, and saw 13 of its levels.

You collected 745 gold pieces.

Inventory:

Armour
 a - a +0 robe
 d - a +1 pair of boots (worn)
 e - a +0 ring mail
 h - a +0 chain mail
 i - a +0 plate armour
 m - a +0 scale mail
 o - a +0 cloak (worn)
 p - a +0 leather armour
 s - a +0 tower shield
 E - a +0 troll leather armour (worn)
Jewellery
 c - a +4 ring of evasion
 g - an amulet of reflection (around neck)
 q - a ring of ice
 u - a +4 ring of protection (left hand)
 v - a ring of willpower
 y - a +4 ring of protection (right hand)
 A - a ring of fire
Wands
 w - a wand of polymorph (8)
Scrolls
 k - a scroll of noise
 l - 5 scrolls of amnesia
 r - a scroll of teleportation
 z - a scroll of fog
 C - 2 scrolls of blinking
 D - a scroll of identify
Potions
 b - a potion of cancellation
 f - a potion of magic
 j - 3 potions of heal wounds
 n - 2 potions of brilliance
 t - 2 potions of flight
 x - 4 potions of curing
 B - 2 potions of haste
 G - a potion of berserk rage


   Skills:
 + Level 2.7 Fighting
 - Level 1.7 Dodging
 - Level 10.0 Unarmed Combat
 - Level 2.0 Spellcasting
 + Level 13.6 Transmutations


You had 11 spell levels left.
You knew the following spells:

 Your Spells              Type           Power      Damage    Failure   Level
a - Beastly Appendage     Tmut           100%       N/A       1%          1
b - Wereblood             Tmut           50%        N/A       1%          2

Your spell library contained the following spells:

 Spells                   Type           Power      Damage    Failure   Level
 Sting                    Tmut/Pois      100%       1d8       1%          1
 Passwall                 Tmut/Erth      21%        N/A       2%          2
 Spider Form              Tmut/Pois      26%        N/A       4%          3
 Ice Form                 Ice/Tmut       26%        N/A       14%         4
 Slow                     Hex            4%         N/A       24%         1
 Ensorcelled Hibernation  Hex/Ice        2%         N/A       34%         2
 Poisonous Vapours        Pois/Air       2%         N/A       34%         2
 Sublimation of Blood     Necr           1%         N/A       34%         2
 Confusing Touch          Hex            1%         N/A       56%         3
 Summon Guardian Golem    Hex/Summ       1%         N/A       56%         3
 Swiftness                Air            1%         N/A       56%         3
 Vampiric Draining        Necr           1%         2d6       56%         3
 Dragon Form              Tmut           25%        N/A       58%         7
 Cause Fear               Hex            0%         N/A       93%         4
 Olgreb's Toxic Radiance  Pois           1%         N/A       93%         4
 Orb of Destruction       Conj           0%         9d5       100%        7
 Spellforged Servitor     Conj/Summ      0%         N/A       100%        7
 Dragon's Call            Summ           0%         N/A       100%        9


Dungeon Overview and Level Annotations

Branches:
Dungeon (12/15)            Temple (1/1) D:6            Lair (0/5) D:9
    Orc: D:9-12

Altars:
Ashenzari
Cheibriados
Dithmenos
Fedhas
Gozag
Hepliaklqana
Kikubaaqudgha
Makhleb
Nemelex Xobeh
Okawaru
Qazlal
Sif Muna
Trog
Uskayaw
Vehumet
Wu Jian
Xom
Yredelemnul

Shops:
D:6 !   D:7 :   D:8 (!(*   D:9 =

Annotations:
Temple 2 transporters


Innate Abilities, Weirdness & Mutations

You have a pair of horns on your head.
You are partially covered in slimy green scales. (AC +2)
A meltable icy envelope protects you from harm. (AC +4)
You are mostly covered in sharp spines.
A meltable shield of frost defends you. (SH +4)


Message History

You feel better.
A deep elf pyromancer comes into view. It is wielding a +0 long sword.
The deep elf pyromancer shouts!
The deep elf pyromancer gestures wildly while chanting.
You climb upwards.
There is a stone staircase leading down here.
HP restored.
Done exploring.
Done exploring.
Done exploring.
Unknown command.
As you read the scroll of teleportation, it crumbles to dust.
You feel strangely unstable.
You don't have any unidentified items.
Done exploring.
Done exploring.
Done exploring.
Your surroundings suddenly seem different.
There is a stone staircase leading down here.
You climb downwards.
The brown ugly thing bites you.
You are splashed with acid!
The wraith is struck by your spines. The wraith hits you but does no damage.
The skeletal warrior closely misses you.
You block the skeletal warrior's attack.
A cyclops comes into view.
The brown ugly thing bites you.
You are splashed with acid!
The wraith closely misses you.
The skeletal warrior hits you with a +0 battleaxe!
The skeletal warrior hits you with a +0 war axe.
There is a stone staircase leading up, spattered with blood here.
Unknown command.
Unknown command.
The brown ugly thing closely misses you.
The cyclops throws a large rock.
The large rock hits you!!
* * * LOW HITPOINT WARNING * * *
The wraith is struck by your spines. The wraith hits you but does no damage.
The skeletal warrior hits you with a +0 war axe!
* * * LOW HITPOINT WARNING * * *
The skeletal warrior hits you with a +0 battleaxe!
You die...

## .. S .######## ≈.
#.<.....# .
≈..#######.......#..
8.....#.............
.......?............
........#..zW.......
?.........>@.....##
z..........zu....#
.......z.........#
.................#
#................#
......z............
.....Ee............#
.☼C.............


You could see a brown ugly thing, 4 skeletal warriors, a cyclops, a deep elf
pyromancer, a fire elemental (summoned) and a wraith.

Vanquished Creatures
  3 two-headed ogres
  A cyclops (D:11)
  An ugly thing (D:8)
  A gargoyle (D:10)
  A komodo dragon (D:6)
  4 trolls
  A shadow (D:10)
  2 wraiths
  A ynoxinul (D:8)
  18 yaks
  2 vampires (D:11)
  3 wyverns
  Menkaure (D:5)
  3 water moccasins
  2 orc warriors
  4 sky beasts
  4 black bears
  An ice beast (D:5)
  4 centaurs
  A phantom (D:5)
  3 kobold brigands
  A gnoll sergeant (D:10)
  2 necrophages
  A scorpion (D:5)
  3 howler monkeys (D:8)
  A jelly (D:5)
  2 hounds
  An orc priest (D:9)
  3 gnoll boudas
  3 iguanas
  9 orc wizards
  17 gnolls
  4 adders
  A worm (D:2)
  4 dart slugs
  17 orcs
  8 endoplasms
  4 giant cockroaches
  6 hobgoblins
  5 quokkas
  7 ball pythons
  8 bats
  3 frilled lizards (D:1)
  5 goblins
  23 kobolds
  3 rats (D:2)
202 creatures vanquished.

Vanquished Creatures (others)
  A kobold brigand (D:7)
  A fungus (D:9)
2 creatures vanquished.

Grand Total: 204 creatures vanquished

Notes
Turn   | Place    | Note
-------+----------+-------------------------------------------
     0 | D:1      | ytrimaz the Demonspawn Transmuter began the quest for the
                  | Orb.
     0 | D:1      | Reached XP level 1. HP: 15/15 MP: 3/3
   436 | D:1      | Mutation became permanent: You have a pair of small horns
                  | on your head. [demonic ancestry]
   436 | D:1      | Gained mutation: You have a pair of horns on your head.
                  | [demonic ancestry]
   436 | D:1      | Reached XP level 2. HP: 17/21 MP: 3/5
   547 | D:1      | Reached skill level 2 in Transmutations
  1218 | D:2      | Gained mutation: You are partially covered in sharp spines.
                  | [demonic ancestry]
  1218 | D:2      | Reached XP level 3. HP: 12/26 MP: 6/6
  1226 | D:2      | Learned a level 2 spell: Wereblood
  1972 | D:2      | Found a faded altar of an unknown god.
  2398 | D:3      | Found a broken altar of Ashenzari.
  2960 | D:3      | Gained mutation: You are partially covered in slimy green
                  | scales. (AC +2) [demonic ancestry]
  2960 | D:3      | Reached XP level 4. HP: 32/32 MP: 5/7
  3238 | D:4      | Noticed a black bear
  3254 | D:4      | Killed a black bear
  3255 | D:4      | Reached skill level 3 in Transmutations
  3255 | D:4      | Reached XP level 5. HP: 29/37 MP: 6/8
  3311 | D:4      | Noticed a sky beast
  3329 | D:4      | Killed a sky beast
  3330 | D:4      | Reached skill level 5 in Unarmed Combat
  3330 | D:4      | Reached XP level 6. HP: 29/43 MP: 6/9
  3462 | D:4      | Reached skill level 4 in Transmutations
  4757 | D:5      | Entered Level 5 of the Dungeon
  4916 | D:5      | Gained mutation: You are mostly covered in sharp spines.
                  | [demonic ancestry]
  4916 | D:5      | Reached XP level 7. HP: 48/48 MP: 8/10
  5106 | D:5      | Found a hazy altar of Hepliaklqana.
  5163 | D:5      | Reached skill level 5 in Transmutations
  5474 | D:5      | Reached XP level 8. HP: 52/54 MP: 11/11
  5741 | D:5      | Noticed Menkaure
  5745 | D:5      | Killed Menkaure
  5988 | D:6      | Reached skill level 6 in Transmutations
  6032 | D:6      | Found a staircase to the Ecumenical Temple.
  6052 | Temple   | Entered the Ecumenical Temple
  6052 | Temple   | Found a transporter.
  6052 | Temple   | Found a transporter.
  6054 | Temple   | Found a transporter.
  6054 | Temple   | Found a transporter.
  6176 | Temple   | Became a worshipper of Makhleb the Destroyer
  6204 | D:6      | Found Sateal Hada's Distillery.
  6422 | D:6      | Noticed a komodo dragon
  6438 | D:6      | Killed a komodo dragon
  6741 | D:6      | Found a stormy altar of Qazlal.
  7244 | D:7      | Identified the +1 ring mail of Sihyiz {rCorr}
  7677 | D:7      | Found Purotwon's Self-Improvement Boutique.
  7737 | D:7      | Gained mutation: A meltable shield of frost defends you.
                  | (SH +4) [demonic ancestry]
  7737 | D:7      | Reached XP level 9. HP: 51/59 MP: 10/12
  7911 | D:8      | Reached skill level 7 in Transmutations
  8269 | D:8      | Reached skill level 10 in Unarmed Combat
  8436 | D:8      | Found Niapodic's Distillery.
  8440 | D:8      | Found Tuaddudd's General Store.
  8441 | D:8      | Found Lyshroigi's Antique Weapon Boutique.
  8446 | D:8      | Found Iffeiczuci's Antique Weapon Boutique.
  8515 | D:8      | Noticed a purple ugly thing
  8554 | D:8      | Reached * piety under Makhleb
  8564 | D:8      | Killed a purple ugly thing
  8565 | D:8      | Reached skill level 8 in Transmutations
  8817 | D:8      | Reached skill level 9 in Transmutations
  8870 | D:8      | Found a shimmering blue altar of Sif Muna.
  8877 | D:8      | Got Sif Muna's Precepts of the Noxious Dead
  8879 | D:8      | Noticed a troll
  8890 | D:8      | Killed a troll
  8891 | D:8      | Gained mutation: You have a pair of horns on your head.
                  | [demonic ancestry]
  8891 | D:8      | Reached XP level 10. HP: 21/65 MP: 13/13
  9112 | D:8      | Found a bloodstained altar of Trog.
  9272 | D:8      | Reached skill level 10 in Transmutations
  9529 | D:8      | Found an opulent altar of Gozag.
  9622 | D:9      | Noticed an elephant
  9622 | D:9      | Found a staircase to the Lair.
 10047 | D:9      | Reached skill level 11 in Transmutations
 10190 | D:9      | Found Liudwum's Jewellery Emporium.
 10398 | D:9      | Identified the +8 plate armour "Obrupp" {Harm Will+}
 10777 | D:9      | Found an ancient bone altar of Kikubaaqudgha.
 11124 | D:10     | Entered Level 10 of the Dungeon
 11169 | D:10     | Reached skill level 12 in Transmutations
 11371 | D:10     | Noticed a two-headed ogre
 11379 | D:10     | Killed a two-headed ogre
 11776 | D:10     | Noticed a gargoyle
 11797 | D:10     | Killed a gargoyle
 11798 | D:10     | Gained mutation: A meltable icy envelope protects you from
                  | harm. (AC +4) [demonic ancestry]
 11798 | D:10     | Reached XP level 11. HP: 51/70 MP: 14/14
 11912 | D:10     | Reached ** piety under Makhleb
 12662 | D:11     | Noticed a two-headed ogre
 12674 | D:11     | Killed a two-headed ogre
 12773 | D:11     | Noticed a two-headed ogre
 13103 | D:11     | Killed a two-headed ogre
 13104 | D:11     | Reached skill level 13 in Transmutations
 13359 | D:11     | Upgraded the game from 0.30-a0-4-ga7cffc901d to
                  | 0.30-a0-6-g7c9e10e132
 14206 | D:12     | Noticed a skeletal warrior
 14206 | D:12     | Noticed a skeletal warrior
 14259 | D:12     | Noticed a skeletal warrior
 14259 | D:12     | Noticed a skeletal warrior
 14259 | D:12     | Noticed a brown ugly thing
 14266 | D:12     | Noticed a deep elf pyromancer
 14296 | D:12     | Noticed a skeletal warrior
 14297 | D:12     | Mangled by a skeletal warrior

Illustrated notes

Levels and vault maps discovered:
D:1:      ncdulo_watergridlock, layout_loops_ring
D:2:      layout_loops_ring, hellmonk_ecumenical_altar_run_dry,
          minmay_misc_feat_plants, minmay_cupped
D:3:      layout_basic, nicolae_ashenzari_skybound, serial_aquarium,
          aquarium_bridge_straight [aquarium_subvault_bridge,
          aquarium_subvault_window, aquarium_subvault_bridge,
          aquarium_subvault_wall], aquarium_window_2, aquarium_window_fake,
          aquarium_view_2a, aquarium_view_2c, aquarium_balcony_1b,
          kennysheep_generic_room_2
D:4:      layout_layer_cave, minmay_misc_feat_hallway, minmay_manual_macuahuitl
D:5:      minmay_diamond_boxcup, layout_basic, nicolae_hepliaklqana_hazy_memory,
          minivault_24, uniq_menkaure
D:6:      layout_rooms, mainiacjoe_overflow_catwalk,
          mainiacjoe_overflow_24_doors, minmay_temple_entry_statues_pillars,
          serial_shops, shop_statue, kennysheep_another_room
D:7:      layout_basic, mainiacjoe_overflow_concentric_impassable,
          grunt_decor_fettered, nicolae_shop_self_help
D:8:      layout_basic, marbit_many_paths,
          nzn_overflow_gifts_of_might_and_magic, wad_floor_pattern_2,
          minmay_shop_grid_forest, nrook_mini_vaults
D:9:      layout_layer_cave, nicolae_overflow_hidden_temple, david_lair_generic,
          serial_shops, nicolae_lakefront_shop, enter_bailey_6
D:10:     layout_irregular_city
D:11:     layout_gridville
D:12:     layout_rooms, erik_orc_2
Temple:   hellmonk_temple_divided_pantheon

Skill      XL: |  1  2  3  4  5  6  7  8  9 10 11 |
---------------+----------------------------------+-----
Unarmed Combat | 3 4 5 7 9 10 | 10.0
Transmutations | 2 3 4 5 6 9 12 13 | 13.6
Fighting       | 2 |  2.7
Dodging        | |  1.7
Spellcasting   | |  2.0

Action                   |  1- 3 |  4- 6 |  7- 9 | 10-12 || total
-------------------------+-------+-------+-------+-------++-------
Melee: Unarmed           |   118 |    88 |   232 |   269 ||   707
       Kick              |    19 |    20 |    60 |    51 ||   150
       Headbutt          |    11 |     9 |    49 |    70 ||   139
       Punch             |     4 |     3 |    14 |    15 ||    36
 Cast: Beastly Appendage |    30 |    22 |    31 |    18 ||   101
       Wereblood         |       |       |     1 |     4 ||     5
  Use: Scroll            |     6 |     3 |     6 |    10 ||    25
       Potion            |       |       |     3 |     1 ||     4
Armor: Robe              |    11 |       |       |       ||    11
       Ring mail         |     6 |    33 |    20 |       ||    59
       Leather armour    |     5 |       |       |       ||     5
       Plate armour      |     1 |       |       |       ||     1
       Scale mail        |       |       |    79 |    54 ||   133
       Skin              |       |       |    23 |       ||    23
       Chain mail        |       |       |       |    63 ||    63
       Troll leather arm |       |       |       |     7 ||     7
Dodge: Dodged            |   114 |    52 |    89 |    52 ||   307
Block: Other             |       |       |    70 |    99 ||   169
       Reflection        |       |       |     5 |     5 ||    10

Table legend: (Time is in decaauts)
 A = Elapsed time spent in this place.
 B = Non-inter-level travel time spent in this place.
 C = Inter-level travel time spent in this place.
 D = Time resting spent in this place.
 E = Time spent auto-exploring this place.
 F = Levels seen in this place.
 G = Mean time per level.
                   A        B        C        D        E       F      G
               +--------+--------+--------+--------+--------+-----+--------+
         Total |  14179 |  13579 |    600 |   1146 |  10562 |  13 | 1090.7 |
       Dungeon |  14039 |  13448 |    591 |   1046 |  10555 |  12 | 1169.9 |
        Temple |    139 |    130 |      9 |    100 |      7 |   1 |  139.0 |
               +--------+--------+--------+--------+--------+-----+--------+

Top non-repeatable levels by time:
    D:11: 1847 daAuts
     D:8: 1742 daAuts
     D:4: 1608 daAuts
     D:9: 1444 daAuts
    D:10: 1271 daAuts
     D:1: 1171 daAuts
     D:5: 1154 daAuts
     D:7: 1034 daAuts
     D:2: 979 daAuts
     D:3: 979 daAuts
     D:6: 789 daAuts
  Temple: 139 daAuts
    D:12: 15 daAuts
